 Dungeon Crawl Stone Soup version 0.31-a0-588-g14bffd4ff3 (webtiles) character file.

Game seed: 2315820450978091206

54 Conn the Firebug (level 3, 0/31 HPs)
             Began as an Octopode Fire Elementalist on Aug 19, 2023.
             Slain by Pikel
             ... wielding a +2 whip of flaming
              (4 damage)
             ... on level 4 of the Dungeon.
             The game lasted 00:04:03 (1650 turns).

Conn the Firebug (Octopode Fire Elementalist)       Turns: 1650, Time: 00:04:07

Health: 0/31       AC: 21    Str:  7    XL:     3   Next: 91%
Magic:  2/7        EV:  2    Int: 25    God:
Gold:   119        SH:  0    Dex: 12    Spells: 1/7 levels left

rFire   . . .        e - staff of poison
rCold   . . .        (no shield)
rNeg    . . .        (helmet currently unavailable)
rPois   +            (no amulet)
rElec   .            b - +6 ring of intelligence
rCorr   .            (no ring)
SInv    .            (no ring)
Will    .....        (no ring)
Stlth   ++           (no ring)
HPRegen 0.25/turn    (no ring)
MPRegen 0.10/turn    (no ring)
                     (no ring)

%: no passive effects
@: tree-form, very slightly contaminated
A: stationary, stasis, torment immunity, boosted hp, almost no armour,
(amphibious), 8 rings, (camouflage 1), (gelatinous body 1), (nimble swimmer 1),
(tentacles)
a: no special abilities


You were on level 4 of the Dungeon.
You were a tree.
You visited 1 branch of the dungeon, and saw 3 of its levels.

You collected 119 gold pieces.

Inventory:

Hand Weapons
 d - a +0 dagger
Armour
 j - a +0 tower shield
Magical Staves
 e - a staff of poison (weapon)
Jewellery
 b - a +6 ring of intelligence (left branch)
Potions
 a - a potion of magic
 g - a potion of heal wounds {unknown}
 h - a potion of mutation {unknown}
 i - a potion of enlightenment {unknown}


   Skills:
 + Level 2.2 Dodging
 + Level 3.1 Stealth
 * Level 2.7 Spellcasting
 + Level 1.4 Conjurations
 * Level 3.6 Fire Magic


You had one spell level left.
You knew the following spells:

 Your Spells              Type           Power      Damage    Failure   Level
a - Foxfire               Conj/Fire      64%        2x1d7     3%          1
b - Scorch                Fire           42%        2d6       3%          2
c - Inner Flame           Hex/Fire       12%        N/A       14%         3

Your spell library contained the following spells:

 Spells                   Type           Power      Damage    Failure   Level
 Volatile Blastmotes      Fire/Tloc      24%        2d12      14%         3
 Ignite Poison            Fire/Tmut/Pois 14%        N/A       19%         3
 Flame Wave               Conj/Fire      16%        2d7       36%         4
 Sticky Flame             Conj/Fire      16%        2d4       36%         4
 Ignition                 Fire           10%        3d5       100%        8


Dungeon Overview and Level Annotations

Branches:
Dungeon (2/15)             Temple (0/1) D:4

Altars:

Annotations:
D:4 Pikel


Innate Abilities, Weirdness & Mutations

You are a tree.
Your roots penetrate the ground, keeping you stationary.
You cannot be teleported.
You are immune to unholy pain and torment.
Your maximum health is greatly increased.
You cannot wear most types of armour.
((You are amphibious.))
You can wear up to eight rings at the same time.
((Your skin changes colour to match your surroundings (Stealth+).))
((Your rubbery body absorbs attacks. (AC +1, EV +1)))
((You are camouflaged when in or above water. (Stealth+)))
((You have tentacles for arms and can constrict up to eight enemies at once.))


Message History

Unknown command.
Unknown command.
Okay, then.
As you read the scroll labelled RECES JADDUNA, it crumbles to dust.
You assume a fearsome visage.
Pikel resists with some effort.
It was a scroll of fear.
Pikel misses you.
As you read the scroll labelled MUCRAE SA RE KAN, it crumbles to dust.
You feel aware of your surroundings.
It was a scroll of revelation.
Pikel says, "Don't tell anyone, but I think Ereshkigal likes me."
Pikel hits you with a +2 whip of flaming!
Pikel burns you.
Found a scroll labelled QYNUAT MOKO.
It was a potion of lignification.
You turn into a tree.
Your roots penetrate the ground.
Pikel hits you but does no damage. Magic courses through your body.
Pikel scowls and wipes his hands on his robe.
Pikel hits you with a +2 whip of flaming.
Pikel burns you.
Casting: Scorch (safe; 3% risk of failure)
Confirm with . or Enter, or press ? or * to list all spells.
Flames lash Pikel but do no damage.
You hear a shout!
Pikel is no longer more vulnerable to fire.
Pikel hits you but does no damage.
Casting: Scorch (safe; 3% risk of failure)
Confirm with . or Enter, or press ? or * to list all spells.
Flames lash Pikel.
Pikel is moderately wounded.
Pikel's fire resistance burns away.
Pikel hits you but does no damage.
Casting: Scorch (safe; 3% risk of failure)
Confirm with . or Enter, or press ? or * to list all spells.
You miscast Scorch.
Nothing appears to happen.
Pikel hits you but does no damage.
You hit Pikel but do no damage.
Pikel is moderately wounded.
Pikel hits you with a +2 whip of flaming!
* * * LOW HITPOINT WARNING * * *
Pikel burns you.
You die...
Pikel says, "See you in Hell!"

* *,*,,,,,,,,,,,* #...#
***,,,,,*.#.#...######## #...###
,,,,,,,,,?#.##.######### #.#....
,*,,*,,,,.#.##.######### #..K###
*,*,,,,,,...##.######### #...#
******,**#####.######### #...#
*,* #####.######### #.>.#
**+**#####.############.#.###
**,,,*#......♣########...#...#
**,,,,,#.###.#K########.#####.#
**,,,,,,..###.#.########...#...#
**,,,,,,,..###......#####...#...#
,+,,,,,,,..+...........5..#...#..
**,,,,,,,..####...#.#####.#####.#
**,,,,,,........##.#####.# #.#
**,,,,,######.....#####.# #.#
**,,,** #.##### #.#***#.#


You could see Pikel (combustible).

Vanquished Creatures
  3 lemures (D:4)
  An adder (D:2)
  2 dart slugs (D:1)
  4 ball pythons
  2 bats (D:1)
  5 endoplasms (D:1)
  6 goblins
  5 hobgoblins
  5 kobolds (D:1)
  2 quokkas (D:2)
  2 frilled lizards (D:1)
  A rat (D:1)
38 creatures vanquished.

Vanquished Creatures (others)
  94 foxfires
94 creatures vanquished.

Grand Total: 132 creatures vanquished

Notes
Turn   | Place    | Note
-------+----------+-------------------------------------------
     0 | D:1      | Conn the Octopode Fire Elementalist began the quest for the
                  | Orb.
     0 | D:1      | Reached XP level 1. HP: 11/11 MP: 3/3
   139 | D:1      | Reached XP level 2. HP: 17/17 MP: 1/5
   586 | D:1      | Reached XP level 3. HP: 16/21 MP: 6/6
   589 | D:1      | Learned a level 2 spell: Scorch
   593 | D:1      | Learned a level 3 spell: Inner Flame
  1473 | D:2      | You fall into a shaft and drop 2 floors!
  1528 | D:4      | Noticed a lemure
  1532 | D:4      | Noticed a lemure
  1534 | D:4      | Killed a lemure
  1534 | D:4      | Noticed a lemure
  1535 | D:4      | Noticed Pikel
  1535 | D:4      | Noticed a lemure
  1543 | D:4      | Killed a lemure
  1571 | D:4      | Killed a lemure
  1650 | D:4      | Slain by Pikel

Illustrated notes

Levels and vault maps discovered:
D:1:      roderic_dead_forest, layout_loops_ring
D:2:      layout_loops_corners, kennysheep_generic_room_14
D:4:      layout_loops_corners, temple_hall, nicolae_elevator_lobby_asterisk,
          uniq_pikel, uniq_grinder, uniq_edmund

Skill      XL: |  1 |
---------------+----+-----
Stealth        | 3 |  3.1
Dodging        | |  2.2
Spellcasting   | |  2.7
Conjurations   | |  1.4
Fire Magic     | |  3.6

Action                     || total
---------------------------++-------
  Melee: Unarmed           ||     2
         Staff             ||     8
         Dagger            ||     2
         Tentacles         ||     4
         Constrict         ||     3
   Cast: Foxfire           ||    61
         Scorch            ||     6
         Inner Flame       ||     1
    Use: Scroll            ||     3
         Potion            ||     2
   Stab: Sleeping          ||     1
 Armour: Skin              ||     6
  Dodge: Dodged            ||    13

Table legend: (Time is in decaauts)
 A = Elapsed time spent in this place.
 B = Non-inter-level travel time spent in this place.
 C = Inter-level travel time spent in this place.
 D = Time resting spent in this place.
 E = Time spent auto-exploring this place.
 F = Levels seen in this place.
 G = Mean time per level.
                   A        B        C        D        E       F      G
               +--------+--------+--------+--------+--------+-----+--------+
         Total |   1649 |   1623 |     26 |     48 |   1164 |   3 |  549.7 |
       Dungeon |   1649 |   1623 |     26 |     48 |   1164 |   3 |  549.7 |
               +--------+--------+--------+--------+--------+-----+--------+

Top non-repeatable levels by time:
     D:1: 1185 daAuts
     D:2: 286 daAuts
     D:4: 176 daAuts
